 Seeded DCSS version 0.25-a0-663-gace7076 (webtiles) character file.

Game seed: 333972318490829218, levelgen mode: deterministic

21 Illumine the Grasshopper (level 3, 0/24 HPs)
             Began as a Halfling Warper on Mar 24, 2020.
             Slain by an adder (2 damage)
             ... on level 3 of the Dungeon.
             The game lasted 00:03:48 (796 turns).

Illumine the Grasshopper (Halfling Warper)           Turns: 796, Time: 00:03:49

Health: 0/24       AC:  4    Str: 13    XL:     3   Next: 2%
Magic:  3/5        EV: 14    Int: 11    God:
Gold:   30         SH:  0    Dex: 13    Spells: 1/5 levels left

rFire    . . .     SeeInvis .   a - +0 mace
rCold    . . .     Gourm    .   (shield restricted)
rNeg     . . .     Faith    .   b - +0 leather armour
rPois    .         Spirit   .   g - +0 helmet (curse)
rElec    .         Reflect  .   (no cloak)
rCorr    .         Harm     .   (no gloves)
MR       .....                  (no boots)
Stlth    +.........             (no amulet)
HPRegen  0.08/turn              (no ring)
MPRegen  0.09/turn              (no ring)

@: brilliant, very slightly contaminated
A: small, mutation resistance 1
a: no special abilities


You were on level 3 of the Dungeon.
You were not hungry.

You visited 1 branch of the dungeon, and saw 3 of its levels.

You collected 30 gold pieces.

Inventory:

Hand Weapons
 a - a +0 mace (weapon)
Missiles
 e - 8 stones (quivered)
Armour
 b - a +0 leather armour (worn)
 g - a cursed +0 helmet (worn)
Comestibles
 f - a ration


   Skills:
 - Level 1.7 Fighting
 * Level 2.4 Maces & Flails
 - Level 1.0 Throwing
 - Level 1.1 Armour
 + Level 2.6 Dodging
 + Level 1.8 Spellcasting
 - Level 3.2 Translocations


You had one spell level left.
You knew the following spells:

 Your Spells              Type           Power        Failure   Level  Hunger
a - Blink                 Tloc           N/A          14%         2    None
b - Shroud of Golubria    Chrm/Tloc      #.....       28%         2    None

Your spell library contained the following spells:

 Spells                   Type           Power        Failure   Level  Hunger
 Gell's Gravitas          Tloc           ##........   28%         3    None
 Lesser Beckoning         Tloc           ##........   28%         3    None
 Teleport Other           Tloc           ##......     28%         3    None
 Passage of Golubria      Tloc           N/A          67%         4    None


Dungeon Overview and Level Annotations

Branches:
Dungeon (3/15)

Altars:

Annotations:
D:3 Grinder


Innate Abilities, Weirdness & Mutations

You are small and have problems with some larger weapons.
You are somewhat resistant to further mutation.


Message History

You feel clever all of a sudden. The adder bites you.
* * * LOW HITPOINT WARNING * * *
The adder barely misses you.
Grinder blinks!
The adder barely misses you.
The leopard gecko hisses menacingly.
Found a ring mail.
Found a scroll labeled JUESHR ANTOME.
The adder misses you.
Blink to where?
Press: ? - help, Dir - move target cursor You are very lightly contaminated with residual magic.
As you read the scroll of blinking, it crumbles to dust.
An adder comes into view.
The adder hisses angrily.
The adder closely misses you.
There is a stone staircase leading up here.
The adder barely misses you. The adder bites you.
You die...

....... ####.#
..... ..#.# ...
#.#[# ##.# ##
.####.#.####.###.
#.......#.....#.#
.............#
##...S......#
###@#......#
#........#
#S###.####
#.#####S# #ยง#
........# #.#
#######.# #.#
######.# #.#
#......# #w#
#.####.# #.#


You could see 3 adders.

Vanquished Creatures
  2 dart slugs (D:1)
  A leopard gecko (D:1)
  A bat (D:1)
  A giant cockroach (D:1)
  A hobgoblin (D:1)
  4 jackals (D:1)
  A ball python (D:1)
  2 kobolds (D:1)
  2 rats (D:1)
15 creatures vanquished.

Notes
Turn   | Place    | Note
-------+----------+-------------------------------------------
     0 | D:1      | Illumine the Halfling Warper began the quest for the Orb.
     0 | D:1      | Reached XP level 1. HP: 14/14 MP: 3/3
    97 | D:1      | Reached XP level 2. HP: 17/19 MP: 4/4
   169 | D:1      | Learned a level 2 spell: Blink
   172 | D:1      | Learned a level 2 spell: Shroud of Golubria
   464 | D:1      | Reached XP level 3. HP: 9/24 MP: 5/5
   767 | D:3      | Noticed Grinder
   779 | D:3      | HP: 1/24 [adder (3)]
   796 | D:3      | Slain by an adder

Levels and vault maps discovered:
D:1:      lightli_molten_gateway, layout_basic, minmay_split_cup_small
D:2:      layout_rooms, grunt_temple_overflow_open,
          gammafunk_temple_overflow_claw, chequers_ecumenical_altar_twisty,
          uniq_terence
D:3:      layout_loops_ring, ebering_ghost_sewer_d, columned_hall_lemuel,
          uniq_grinder

Skill      XL: |  1 |
---------------+----+-----
Maces & Flails | 2 |  2.4
Fighting       | |  1.7
Throwing       | |  1.0
Armour         | |  1.1
Dodging        | |  2.6
Spellcasting   | |  1.8
Translocations | |  3.2

Action                   || total
-------------------------++-------
Melee: Mace              ||    72
Throw: Boomerang         ||     5
 Cast: Blink             ||     3
  Use: Scroll            ||     1
       Potion            ||     1
Armor: Leather armour    ||    30
Dodge: Dodged            ||    91

Table legend:
 A = Non-vault XP
 B = Vault XP
 C = Vault XP percentage of total XP
 D = Non-vault monster count
 E = Vault monster count
 F = Vault count percentage of total count
                 A         B        C        D         E       F
            +---------+---------+-------+---------+---------+-------
      Total |      30 |       0 |   0.0 |      15 |       0 |   0.0
            +---------+---------+-------+---------+---------+-------
        D:1 |      30 |       0 |   0.0 |      15 |       0 |   0.0
            +---------+---------+-------+---------+---------+-------
